 Dungeon Crawl Stone Soup version 0.28-a0-537-g3bccd9ccbf (webtiles) character file.

Game seed: 17163971087945220917

320228 omnomnOMINOUS the Warrior (level 21, -9/160 HPs)
             Began as an Octopode Wanderer on Sept 27, 2021.
             Was the Champion of Vehumet.
             Mangled by a vault guard (14 damage)
             ... while paralysed by a floating eye
             ... on level 4 of the Vaults on Sept 28, 2021.
             The game lasted 04:41:57 (70701 turns).

omnomnOMINOUS the Warrior (Octopode Wanderer)      Turns: 70701, Time: 04:41:59

Health: -9/160     AC:  8    Str: 14    XL:     21   Next: 49%
Magic:  33/33      EV:  2    Int: 21    God:    Vehumet [******]
Gold:   2128       SH:  0    Dex: 18    Spells: 6/36 levels left

rFire   + + +      SeeInvis +   a - +8 rapier of Wurakef {freeze, Fragile +Blink rF++ rC+}
rCold   + + .      Faith    .   y - +3 buckler {AC+3}
rNeg    . . .      Spirit   .   (helmet restricted)
rPois   +          Reflect  +   D - amulet of reflection
rElec   +          Harm     .   w - ring of poison resistance
rCorr   .          Rampage  .   S - ring of willpower
Will    +++..                   M - +4 ring of evasion
Stlth   +++.......              E - +4 ring of protection
HPRegen 0.36/turn               e - +4 ring of slaying
MPRegen 0.23/turn               U - ring of protection from cold
                                W - ring "Caley" {rElec rF+ Will+ SInv}
                                d - +6 ring of dexterity

@: paralysed
A: almost no armour, amphibious, 8 rings, camouflage 1, gelatinous body 1,
(nimble swimmer 1), tentacles
}: 2/15 runes: serpentine, barnacled
a: Renounce Religion, Evoke Blink


You were on level 4 of the Vaults.
You worshipped Vehumet.
Vehumet was exalted by your worship.
You visited 8 branches of the dungeon, and saw 38 of its levels.
You visited 1 bazaar.
You also visited: Trove and Ice Cave.

You collected 4923 gold pieces.
You spent 2795 gold pieces at shops.

Inventory:

Hand Weapons
 a - the +8 rapier of Wurakef (weapon) {freeze, Fragile +Blink rF++ rC+}
   (You found it on level 6 of the Dungeon)

   It freezes those it strikes, dealing additional cold damage.
   It can also slow down cold-blooded creatures.
   rF:        It greatly protects you from fire.
   rC:        It protects you from cold.
   +Blink:    It lets you blink.
   Fragile:   It will be destroyed if unequipped.
Missiles
 o - 3 throwing nets (quivered)
 H - 14 curare-tipped darts
Armour
 y - a +3 buckler of protection (worn)
Jewellery
 d - a +6 ring of dexterity (on tentacle)
 e - a +4 ring of slaying (on tentacle)
 g - a ring of positive energy
 w - a ring of poison resistance (left tentacle)
 D - an amulet of reflection (around mantle)
 E - a +4 ring of protection (on tentacle)
 M - a +4 ring of evasion (on tentacle)
 N - a ring of resist corrosion
 S - a ring of willpower (right tentacle)
 U - a ring of protection from cold (on tentacle)
 W - the ring "Caley" (on tentacle) {rElec rF+ Will+ SInv}
   (You bought it in a shop on level 2 of the Orcish Mines)

   [ring of willpower]

   rF:        It protects you from fire.
   rElec:     It insulates you from electricity.
   SInv:      It lets you see invisible.
   Will:      It increases your willpower.
Wands
 c - a wand of iceblast (33)
 n - a wand of paralysis (27)
 L - a wand of acid (21)
 O - a wand of digging (25)
 P - a wand of polymorph (18)
 Q - a wand of charming (8)
 R - a wand of mindburst (19)
Scrolls
 b - 2 scrolls of identify
 h - 11 scrolls of teleportation
 k - 5 scrolls of fog
 m - 8 scrolls of magic mapping
 q - 5 scrolls of blinking
 r - 5 scrolls of holy word
 t - 5 scrolls of summoning
 x - a scroll of vulnerability
 C - 6 scrolls of fear
 Y - 2 scrolls of silence
Potions
 j - 10 potions of brilliance
 p - 10 potions of haste
 u - a potion of resistance
 v - 5 potions of flight
 z - 3 potions of mutation
 A - 16 potions of curing
 G - a potion of cancellation
 I - a potion of might
 J - 3 potions of heal wounds
 K - 8 potions of attraction
 T - 2 potions of invisibility
 Z - 3 potions of magic
Miscellaneous
 f - a box of beasts
 l - a phial of floods
 s - a condenser vane
 F - a lightning rod (4/4)
 X - a phantom mirror


   Skills:
 + Level 18.5 Fighting
 - Level 14.0 Short Blades
 - Level 1.0 Maces & Flails
 - Level 1.0 Polearms
 + Level 18.5 Dodging
 - Level 1.3 Stealth
 - Level 4.0 Shields
 - Level 8.0 Spellcasting
 + Level 17.2 Conjurations
 + Level 10.6 Summonings
 - Level 4.0 Transmutations
 - Level 8.0 Fire Magic
 - Level 8.0 Poison Magic
 - Level 8.0 Evocations


You had 6 spell levels left.
You knew the following spells:

 Your Spells              Type           Power      Damage    Failure   Level
a - Foxfire               Conj/Fire      100%       2x1d9     1%          1
b - Searing Ray           Conj           100%       2d8       0%          2
c - Olgreb's Toxic Radia  Pois           42%        N/A       1%          4
d - Ignite Poison         Fire/Tmut/Pois 36%        N/A       1%          3
e - Starburst             Conj/Fire      28%        6d9       1%          6
f - Orb of Destruction    Conj           34%        9d12      1%          7
g - Spellforged Servitor  Conj/Summ      30%        N/A       6%          7

Your spell library contained the following spells:

 Spells                   Type           Power      Damage    Failure   Level
 Chain Lightning          Conj/Air       22%        3d29      100%        9
 Fire Storm               Conj/Fire      28%        8d7       100%        9
 Shatter                  Erth           4%         3d7*      100%        9
 Magic Dart               Conj           100%       1d8       0%          1
 Beastly Appendage        Tmut           50%        N/A       1%          1
 Sting                    Tmut/Pois      100%       1d8       1%          1
 Summon Small Mammal      Summ           100%       N/A       1%          1
 Poisonous Vapours        Pois/Air       50%        N/A       1%          2
 Scorch                   Fire           84%        2d9       1%          2
 Static Discharge         Conj/Air       44%        N/A       1%          2
 Call Canine Familiar     Summ           52%        N/A       1%          3
 Conjure Flame            Conj/Fire      57%        6-21      1%          3
 Dazzling Flash           Conj/Hex       88%        N/A       1%          3
 Mephitic Cloud           Conj/Pois/Air  43%        N/A       1%          3
 Spider Form              Tmut/Pois      16%        N/A       1%          3
 Stone Arrow              Conj/Erth      88%        3d12      1%          3
 Flame Wave               Conj/Fire      57%        3d10      1%          4
 Fulminant Prism          Conj/Hex       22%        3d13      1%          4
 Hailstorm                Conj/Ice       44%        3d10      1%          4
 Iskenderun's Mystic Bla  Conj/Tloc      44%        2d10      1%          4
 Sticky Flame             Conj/Fire      57%        2d7       1%          4
 Fireball                 Conj/Fire      28%        3d12      1%          5
 Irradiate                Conj/Tmut      26%        3d22      1%          5
 Sandblast                Erth           16%        2d6       2%          1
 Wereblood                Tmut           25%        N/A       2%          2
 Summon Guardian Golem    Hex/Summ       30%        N/A       2%          3
 Passwall                 Tmut/Erth      13%        N/A       5%          2
 Freezing Cloud           Conj/Ice/Air   16%        6-21      5%          5
 Animate Skeleton         Necr           16%        N/A       8%          1
 Pain                     Necr           32%        1d5       8%          1
 Iron Shot                Conj/Erth      22%        9d5       10%         6
 Blink                    Tloc           N/A        N/A       12%         2
 Corpse Rot               Necr/Air       N/A        N/A       12%         2
 Slow                     Hex            8%         N/A       12%         2
 Sublimation of Blood     Necr           4%         N/A       12%         2
 Summon Cactus Giant      Summ           26%        N/A       16%         6
 Airstrike                Air            4%         N/A       21%         4
 Confusing Touch          Hex            8%         N/A       24%         3
 Lesser Beckoning         Tloc           8%         N/A       24%         3
 Portal Projectile        Hex/Tloc       16%        N/A       24%         3
 Swiftness                Air            8%         N/A       24%         3
 Vampiric Draining        Necr           4%         2d6       24%         3
 Yara's Violent Unravell  Hex/Tmut       8%         3d5       24%         5
 Ice Form                 Ice/Tmut       16%        N/A       34%         4
 Petrify                  Tmut/Erth      16%        N/A       34%         4
 Blade Hands              Tmut           12%        N/A       38%         5
 Animate Dead             Necr           4%         N/A       61%         4
 Dispel Undead            Necr           8%         3d8       61%         4
 Borgnjor's Vile Clutch   Necr/Erth      4%         N/A       91%         5
 Excruciating Wounds      Necr           4%         N/A       91%         5
 Manifold Assault         Tloc           8%         N/A       91%         5
 Metabolic Englaciation   Hex/Ice        4%         N/A       91%         5
 Statue Form              Tmut/Erth      10%        N/A       99%         6
 Death Channel            Necr           4%         N/A       100%        6
 Simulacrum               Ice/Necr       4%         N/A       100%        6
 Summon Hydra             Summ           26%        N/A       65%         7
 Lehudib's Crystal Spear  Conj/Erth      22%        10d6      97%         8
 Ignition                 Fire           21%        3d8       98%         8
 Ozocubu's Refrigeration  Ice            4%         4d5       100%        7
 Summon Horrible Things   Summ           26%        N/A       100%        8


Dungeon Overview and Level Annotations

Branches:
Dungeon (15/15)            Temple (0/1) D:4            Lair (6/6) D:8
 Shoals (4/4) Lair:4        Snake (4/4) Lair:4        Slime (0/5) Lair:6
    Orc (2/2) D:10            Elf (1/3) Orc:2        Vaults (5/5) D:13
  Crypt (0/3) Vaults:2     Depths (1/4) D:15          IceCv (visited)

Altars:
Fedhas
Gozag
Makhleb
Nemelex Xobeh
Ru
Sif Muna
Trog
Uskayaw
Vehumet
Xom
Yredelemnul
Zin
The Shining One

Shops:
D:2 ?   D:4 !   D:8 [   D:10 *   D:12 (   D:14 !   Orc:2 **[?=:*(
Shoals:2 =[[**(   Shoals:3 **   Snake:1 (=   Vaults:1 [

Annotations:
D:5 1 transporter


Innate Abilities, Weirdness & Mutations

You cannot wear most types of armour.
You are amphibious.
You can wear up to eight rings at the same time.
Your skin changes colour to match your surroundings (Stealth+).
Your rubbery body absorbs attacks. (AC +1, EV +1)
((You are camouflaged near water. (Stealth+)))
You have tentacles for arms and can constrict up to eight enemies at once.


Message History

The yaktaur shoots a bolt.
You reflect the bolt off an invisible shield around you!
The bolt hits the yaktaur!
The ettin completely misses you. x2
The yaktaur captain wields a +0 arbalest.
The yaktaur captain shoots a bolt.
The bolt misses you.
The bolt hits the ettin!
You block the vault guard's attack.
The vault guard hits you with a +0 long sword!
The sphinx mumbles some strange words.
Something smites you!
You hear a shout!
There is a stone staircase leading up, spattered with blood here.
Unknown command.
Unknown command.
You block the ettin's attack.
The ettin hits you with a +0 dire flail.
The yaktaur shoots a bolt.
The bolt hits you! The vault guard misses you.
The floating eye's stare focuses on you.
The vault guard completely misses you.
You climb upwards.
There is a stone staircase leading down, spattered with blood here.
Unknown command.
Unknown command.
Unknown command.
Casting: Ignite Poison (safe; 1% risk of failure)
Confirm with . or Enter, or press ? or * to list all spells.
Okay, then.
Unknown command.
Unknown command.
The floating eye gazes piercingly through you!
You suddenly lose the ability to move!
The vault guard hits you with a +0 long sword!!
The vault guard hits you with a +3 long sword.
The ettin hits you with a +0 dire flail!!
* * * LOW HITPOINT WARNING * * *
The ettin hits you with a +0 dire flail!!
* * * LOW HITPOINT WARNING * * *
The vault guard hits you with a +0 long sword!
* * * LOW HITPOINT WARNING * * *
The vault guard hits you with a +3 long sword!
You die...

......#........#.................
.....)#........#..........#######
......#........+....[.....#......
......##########..........#......
.....................[(...#......
..........############+##.#....[.
#####'#####....[G.#....[#.#......
#.###.....#..[.pCp#.....#.#......
#..####..##..[..@[#.....#.#......
#..#.#'####..[[([.#.....#.#######
'.#'....###.......#.....#........
#.##...##.#######'#.....#........
###....'#.#.....'.'.....######'#.
####'#.#..#..[..#'#######......'.
##..####..'[..[.#.......#......#.
#.....###.#.[...#.......'......#.
###########.....#.......#......#.


You could see 2 vault guards, an ettin and a floating eye shaped shifter.

Vanquished Creatures
  Mara (Shoals:3)
  Jorgrun (Shoals:1)
  A lich (IceCv)
  The ghost of Eruidisu the Black Sun, an adept DsNe of Kikubaaqudgha (Shoals:3)
  Kirke (Shoals:1)
  Frances (Shoals:1)
  4 sphinxes
  A tengu reaver (Vaults:1)
  Polyphemus (Shoals:4)
  2 nagarajas (Snake:3)
  Roxanne (Snake:1)
  2 vault wardens
  6 very ugly things
  2 war gargoyles (Vaults:4)
  8 ironbound preservers
  A stone giant (Vaults:4)
  4 dire elephants (Vaults:4)
  A minotaur (Shoals:4)
  An ettin (Vaults:1)
  2 merfolk javelineers (Shoals:4)
  4 merfolk impalers
  A fire dragon (Lair:6)
  A great orb of eyes (Vaults:4)
  7 yaktaur captains
  10 naga warriors
  An ironbound thunderhulk (Vaults:3)
  A peacekeeper (Vaults:3)
  21 vault guards
  An ogre mage (D:15)
  3 merfolk avatars
  5 nameless horrors
  A caustic shrike simulacrum (IceCv)
  5 boulder beetles
  A catoblepas (Shoals:4)
  8 hydras
  5 ironbound frosthearts
  2 salamander tyrants (Snake:4)
  2 death knights
  A merfolk aquamancer (Shoals:4)
  12 satyrs (Shoals:4)
  11 centaur warriors
  3 alligator snapping turtles
  8 death yaks
  8 two-headed ogres
  Erica (D:8)
  11 anacondas
  4 orc high priests (Orc:2)
  Sonja (Lair:2)
  Urug (Lair:4)
  13 naga sharpshooters
  8 shock serpents
  A fire crab (Lair:6)
  6 sea snakes
  28 deep trolls
  6 salamander mystics
  A naga ritualist (Snake:3)
  An obsidian statue (IceCv)
  11 ironbound convokers
  7 deep elf pyromancers
  A deep elf zephyrmancer (Elf:1)
  3 phantasmal warriors (D:14)
  12 lindwurms
  2 bog bodies (IceCv)
  12 wizards
  2 orc knights
  28 harpies
  9 mana vipers
  2 necromancers
  3 orc sorcerers
  34 ugly things
  A wolf spider (Vaults:4)
  5 cyclopes
  13 fauns
  22 salamanders
  6 elephants
  32 black mambas
  15 manticores
  5 merfolk sirens
  9 guardian serpents
  9 vault sentinels
  18 naga magi
  A gargoyle (D:10)
  4 water nymphs
  An ice statue (Lair:2)
  A torpor snail (Lair:4)
  15 cane toads
  A molten gargoyle (Lair:6)
  3 rime drakes
  15 komodo dragons
  An unseen horror (D:12)
  18 freezing wraiths
  2 efreet
  An anaconda simulacrum (IceCv)
  2 ice devils
  2 golden dragon simulacra (IceCv)
  5 trolls
  21 yaktaurs
  2 burning bushes (Lair:5)
  21 merfolk
  A wind drake (Shoals:4)
  5 polar bears
  10 blink frogs (Lair:6)
  Grinder (D:3)
  2 hornets (D:9)
  27 slime creatures
  A meliai zombie (D:11)
  2 dream sheep (Lair:4)
  10 snapping turtles
  A centaur simulacrum (D:14)
  2 spriggan simulacra (IceCv)
  5 water elementals
  Sigmund (D:3)
  9 wyverns
  2 vampires (Vaults:2)
  A spriggan (shapeshifter) (D:14)
  32 yaks
  A shadow (D:12)
  2 dire elephant simulacra (IceCv)
  A fire elemental (Elf:1)
  6 wraiths
  10 basilisks
  3 hogs (Shoals:1)
  6 humans (D:13)
  3 steam dragons
  Grum (D:8)
  7 vampire mosquitoes
  Menkaure (D:4)
  2 minotaur simulacra (IceCv)
  4 harpy simulacra (IceCv)
  31 nagas
  2 swamp worms (D:7)
  2 wargs (Orc:2)
  16 water moccasins
  2 hydra simulacra (IceCv)
  Duvessa (D:7)
  19 orc warriors
  5 hell hounds (Lair:6)
  4 black bears
  A sky beast (D:7)
  A necrophage (D:5)
  10 ice beasts
  10 alligator simulacra (IceCv)
  5 ogres
  8 centaurs
  18 wolves
  12 bullfrogs
  A gnoll sergeant (D:10)
  3 kobold brigands (D:8)
  Blork the orc (D:4)
  A scorpion (D:7)
  Dowan (D:7)
  A deep troll simulacrum (IceCv)
  A wyvern skeleton (D:6)
  9 killer bees
  2 lindwurm simulacra (IceCv)
  11 electric eels
  3 howler monkeys
  4 wights (D:9)
  4 lava snakes (Lair:6)
  2 hounds (D:5)
  14 jellies
  A bullfrog skeleton (D:5)
  A gnoll shaman (D:9)
  25 orc priests
  Ijyb (D:4)
  An iguana (D:5)
  37 orc wizards
  2 killer bee zombies
  2 howler monkey zombies
  14 gnolls
  A howler monkey skeleton (D:3)
  10 adders
  5 white imps
  An ufetubus (D:6)
  A worm (D:2)
  2 dart slugs
  47 orcs
  9 ball pythons
  7 bats
  5 endoplasms
  4 giant cockroaches
  5 goblins
  6 hobgoblins
  4 quokkas
  3 frilled lizards (D:3)
  24 kobolds
  4 rats
  A butterfly (Lair:3)
1210 creatures vanquished.

Vanquished Creatures (collateral kills)
  2 sphinxes (Vaults:2)
  The ghost of CowFu the Executioner, an adept HOFi of Qazlal (Snake:4)
  4 nagarajas (Snake:4)
  A vault warden (Vaults:4)
  2 ironbound preservers (Vaults:1)
  4 very ugly things
  A vampire knight (Vaults:2)
  2 dire elephants
  3 yaktaur captains
  A nameless horror (Snake:4)
  3 great orbs of eyes
  2 naga warriors (Snake:4)
  A vault guard (Vaults:4)
  3 ironbound thunderhulks
  2 salamander tyrants (Snake:4)
  A merfolk avatar (Shoals:3)
  3 ironbound frosthearts
  4 anacondas (Snake:4)
  A peacekeeper (Vaults:4)
  2 naga sharpshooters (Snake:4)
  3 shock serpents (Snake:4)
  4 salamander mystics (Snake:4)
  10 deep trolls
  3 ironbound convokers (Vaults:4)
  2 wizards
  2 harpies
  A naga ritualist (Snake:4)
  4 lindwurms
  2 mana vipers (Snake:4)
  9 ugly things
  7 salamanders (Snake:4)
  3 naga magi (Snake:4)
  A black mamba (Snake:4)
  5 vault sentinels
  2 guardian serpents (Snake:4)
  5 yaktaurs
  A merfolk (Shoals:3)
  A merfolk (shapeshifter) (D:15)
  3 slime creatures
  A vampire (Vaults:2)
  4 nagas (Snake:4)
116 creatures vanquished.

Vanquished Creatures (others)
  A nameless horror (Vaults:3)
  2 yaktaurs (Vaults:1)
  A human (D:13)
  A naga (Snake:2)
  An orc wizard (D:6)
  179 foxfires
  54 fungi
  146 plants
385 creatures vanquished.

Grand Total: 1711 creatures vanquished

Notes
Turn   | Place    | Note
-------+----------+-------------------------------------------
     0 | D:1      | omnomnOMINOUS the Octopode Wanderer began the quest for the
                  | Orb.
     0 | D:1      | omnomnOMINOUS set off with the following items: a +0 mace,
                  | a potion of lignification, a wand of paralysis (15)
     0 | D:1      | Reached XP level 1. HP: 17/17 MP: 1/1
   274 | D:1      | Reached XP level 2. HP: 21/22 MP: 2/2
   592 | D:1      | Found a faded altar of an unknown god.
   603 | D:1      | Became a worshipper of Vehumet
   603 | D:1      | Reached * piety under Vehumet
   603 | D:1      | Offered knowledge of Foxfire by Vehumet.
   606 | D:1      | Learned a level 1 spell: Foxfire
   819 | D:1      | Reached XP level 3. HP: 24/27 MP: 3/3
  1394 | D:3      | HP: 2/40 [poisoned by an adder]
  1396 | D:3      | Offered knowledge of Freeze by Vehumet.
  1442 | D:3      | Reached XP level 4. HP: 4/33 MP: 4/4
  1724 | D:2      | Reached ** piety under Vehumet
  1871 | D:3      | Noticed Grinder
  2302 | D:2      | Reached skill level 1 in Conjurations
  2302 | D:2      | Reached XP level 5. HP: 35/37 MP: 1/5
  2619 | D:2      | Found Fec Lemohilu's Magic Scroll Shoppe.
  2626 | D:2      | Bought a scroll of blinking for 105 gold pieces
  2993 | D:3      | Paralysed by Grinder for 3 turns
  3124 | D:3      | Paralysed by Grinder for 6 turns
  3144 | D:3      | Paralysed by Grinder for 4 turns
  3163 | D:3      | Paralysed by Grinder for 2 turns
  3170 | D:3      | Killed Grinder
  3171 | D:3      | Reached skill level 1 in Spellcasting
  3171 | D:3      | Reached XP level 6. HP: 26/44 MP: 2/8
  3303 | D:3      | Noticed a water moccasin
  3311 | D:3      | Killed a water moccasin
  3312 | D:3      | Reached XP level 7. HP: 13/49 MP: 9/9
  3610 | D:3      | Noticed Sigmund
  3616 | D:3      | Killed Sigmund
  3617 | D:3      | Reached skill level 5 in Fighting
  3774 | D:3      | Offered knowledge of Ignite Poison by Vehumet.
  3780 | D:3      | Learned a level 4 spell: Olgreb's Toxic Radiance
  3784 | D:3      | Learned a level 3 spell: Ignite Poison
  3938 | D:4      | Noticed Ijyb
  3947 | D:4      | Killed Ijyb
  4061 | D:4      | Noticed Menkaure
  4074 | D:4      | Killed Menkaure
  4075 | D:4      | Reached skill level 5 in Dodging
  4075 | D:4      | Reached skill level 1 in Poison Magic
  4128 | D:4      | Found a hide-covered altar of Uskayaw.
  4128 | D:4      | Found a glowing golden altar of the Shining One.
  4128 | D:4      | Found a sacrificial altar of Ru.
  4128 | D:4      | Found a basalt altar of Yredelemnul.
  4129 | D:4      | Found a radiant altar of Vehumet.
  4154 | D:4      | Found a staircase to the Ecumenical Temple.
  4259 | D:4      | Noticed Blork the orc
  4276 | D:4      | Killed Blork the orc
  4277 | D:4      | Reached skill level 1 in Fire Magic
  4277 | D:4      | Reached XP level 8. HP: 38/55 MP: 9/11
  4397 | D:4      | Found a burning altar of Makhleb.
  4398 | D:4      | Found a glowing silver altar of Zin.
  4399 | D:4      | Found a blossoming altar of Fedhas.
  4915 | D:4      | Found a shimmering blue altar of Sif Muna.
  5051 | D:4      | Found Hacipnou's Distillery.
  5189 | D:5      | Entered Level 5 of the Dungeon
  5241 | D:5      | Reached *** piety under Vehumet
  5269 | D:5      | Found a sparkling altar of Nemelex Xobeh.
  5269 | D:5      | Found a transporter.
  5269 | D:5      | Noticed a yak
  5909 | D:6      | Learned a level 2 spell: Searing Ray
  6635 | D:6      | Noticed a boulder beetle
  6742 | D:6      | Reached skill level 1 in Transmutations
  6882 | D:6      | Offered knowledge of Inner Flame by Vehumet.
  6883 | D:6      | Reached XP level 9. HP: 54/62 MP: 2/12
  7004 | D:6      | Reached skill level 5 in Poison Magic
  7011 | D:6      | Identified the +8 rapier of Wurakef {freeze, Fragile +Blink
                  | rF++ rC+}
  7176 | D:6      | Got the Compendium of Summoning and Feathers
  7755 | D:7      | Reached skill level 1 in Short Blades
  7882 | D:7      | Found an opulent altar of Gozag.
  7915 | D:7      | Noticed Duvessa
  7935 | D:7      | Killed Duvessa
  7973 | D:7      | Noticed Dowan
  8009 | D:7      | Killed Dowan
  8425 | D:7      | Found a shimmering altar of Xom.
  8668 | D:7      | Reached **** piety under Vehumet
  8926 | D:8      | Noticed Erica
  8978 | D:8      | Found Hymuifun's Antique Armour Boutique.
  9060 | D:8      | Offered knowledge of Stone Arrow by Vehumet.
  9116 | D:8      | Reached XP level 10. HP: 68/69 MP: 13/13
  9343 | D:8      | Noticed Grum
  9391 | D:8      | Killed Grum
  9596 | D:8      | Found a staircase to the Lair.
  9727 | D:8      | Reached skill level 5 in Fire Magic
  9876 | D:8      | Found a bloodstained altar of Trog.
 10355 | Lair:1   | Entered Level 1 of the Lair of Beasts
 10428 | Lair:1   | Noticed a cane toad
 10438 | Lair:1   | Killed a cane toad
 10923 | D:6      | Killed a boulder beetle
 11190 | D:8      | Killed Erica
 11285 | D:8      | Found a bloodstained altar of Trog.
 11521 | D:8      | Found Hymuifun's Antique Armour Boutique.
 12059 | D:9      | Reached skill level 5 in Short Blades
 12059 | D:9      | Reached XP level 11. HP: 77/77 MP: 10/14
 12997 | D:10     | Entered Level 10 of the Dungeon
 12997 | D:10     | Found a staircase to the Orcish Mines.
 13114 | D:10     | Noticed a deep elf pyromancer
 13464 | Lair:1   | Reached ***** piety under Vehumet
 13533 | Lair:1   | Offered knowledge of Spellforged Servitor by Vehumet.
 13539 | Lair:1   | Identified the +6 long sword of Hubris {spect, Str+5 Dex+2}
 14112 | Lair:2   | Noticed a five-headed hydra
 14136 | Lair:2   | You fall into a shaft and drop 2 floors!
 14594 | Lair:3   | Learned a level 7 spell: Spellforged Servitor
 15016 | Lair:2   | Reached XP level 12. HP: 82/85 MP: 8/18
 15194 | Lair:2   | Noticed Sonja
 15199 | Lair:2   | Killed Sonja
 15202 | Lair:2   | Noticed a four-headed hydra
 15334 | Lair:2   | Killed a four-headed hydra
 15866 | Lair:2   | Killed a five-headed hydra
 16480 | Lair:3   | Noticed a five-headed hydra
 16546 | Lair:3   | Noticed a death yak
 16546 | Lair:3   | Noticed a death yak
 16554 | Lair:3   | Killed a five-headed hydra
 16558 | Lair:3   | Noticed a death yak
 16561 | Lair:3   | Noticed a death yak
 16566 | Lair:3   | Killed a death yak
 16569 | Lair:3   | Killed a death yak
 16570 | Lair:3   | Reached skill level 10 in Fighting
 16595 | Lair:2   | Reached skill level 10 in Dodging
 16940 | Lair:3   | Killed a death yak
 16946 | Lair:3   | Killed a death yak
 17111 | Lair:3   | Reached XP level 13. HP: 93/93 MP: 19/19
 17147 | Lair:4   | Noticed Urug
 17155 | Lair:4   | Killed Urug
 17414 | Lair:4   | Found a staircase to the Snake Pit.
 17545 | Lair:4   | Found a staircase to the Shoals.
 17585 | Lair:4   | Reached skill level 10 in Short Blades
 18269 | Lair:5   | Offered knowledge of Iskenderun's Battlesphere by Vehumet.
 19586 | Lair:6   | Entered Level 6 of the Lair of Beasts
 19745 | Lair:6   | Found a staircase to the Slime Pits.
 20859 | Lair:6   | Reached XP level 14. HP: 94/102 MP: 20/20
 21228 | Lair:6   | Found a large runed translucent door.
 21474 | Lair:6   | Found a large runed translucent door.
 22113 | Orc:1    | Entered Level 1 of the Orcish Mines
 22126 | Orc:1    | Offered knowledge of Yara's Violent Unravelling by Vehumet.
 22286 | Orc:2    | Entered Level 2 of the Orcish Mines
 22294 | Orc:2    | Found a flickering gateway to a bazaar.
 22309 | Bazaar   | Entered a bazaar
 22309 | Bazaar   | Found Xidabae's Magic Scroll Boutique.
 22312 | Bazaar   | Found Cudarr's Antique Armour Shoppe.
 22318 | Bazaar   | Found Xokeuth's Antique Weapon Shop.
 22331 | Bazaar   | Found Usoeg's Armour Shoppe.
 22341 | Bazaar   | Found Inudghite's Armour Shop.
 22384 | Bazaar   | Bought a scroll of teleportation for 33 gold pieces
 22384 | Bazaar   | Bought a scroll of teleportation for 33 gold pieces
 22384 | Bazaar   | Bought a scroll of identify for 22 gold pieces
 22384 | Bazaar   | Bought 2 scrolls of identify for 44 gold pieces
 22384 | Bazaar   | Bought a scroll of identify for 22 gold pieces
 22384 | Bazaar   | Bought a scroll of enchant weapon for 82 gold pieces
 22384 | Bazaar   | Bought a scroll of amnesia for 38 gold pieces
 22560 | Orc:2    | Found Lonisaha's Weapon Emporium.
 22572 | Orc:2    | Found a staircase to the Elven Halls.
 22718 | Orc:2    | Found Bsuycips's Bounteous Boutique.
 22720 | Orc:2    | Found Futouna's Book Boutique.
 22804 | Orc:2    | Bought a scroll of blinking for 90 gold pieces
 22817 | Orc:2    | Found Moitroaf's Overcharged Wands.
 22830 | Orc:2    | Bought a wand of digging (15) for 646 gold pieces
 23220 | Orc:2    | Found Xyixinuvodd's Armour Shop.
 23220 | Orc:2    | Found Ontafirr's General Store.
 23220 | Orc:2    | Found Bioh's Magic Scroll Shop.
 23308 | Orc:2    | Found Iggisch's Jewellery Boutique.
 23320 | Orc:2    | Bought the ring "Caley" {rElec rF+ Will+ SInv} for 602 gold
                  | pieces
 23731 | Elf:1    | Entered Level 1 of the Elven Halls
 23915 | D:10     | Found Talekhea's Lightly-Used Armoury.
 24678 | D:11     | Reached ****** piety under Vehumet
 24843 | D:11     | Offered knowledge of Irradiate by Vehumet.
 25215 | D:12     | Found Lisohuxe's Antique Weapon Shop.
 26283 | D:13     | Reached XP level 15. HP: 80/109 MP: 9/21
 26417 | D:13     | Identified the +10 war axe of the Ageless Realms {freeze,
                  | rElec rPois Int-4 Dex-5}
 26449 | D:13     | Reached skill level 5 in Conjurations
 26695 | D:13     | Found a gate to the Vaults.
 27147 | D:13     | Reached skill level 5 in Spellcasting
 28259 | D:14     | Found Fyxzuiga's Distillery.
 28268 | D:14     | Bought a potion of magic for 120 gold pieces
 28282 | D:14     | Identified the +0 pair of boots "Kolukam" {rC- Dex+7}
 29136 | D:14     | Offered knowledge of Orb of Destruction by Vehumet.
 29145 | D:14     | Learned a level 7 spell: Orb of Destruction
 29740 | D:15     | Entered Level 15 of the Dungeon
 31334 | D:15     | Paralysed by an ogre mage for 3 turns
 31461 | D:15     | Found a staircase to the Depths.
 31486 | D:15     | Reached XP level 16. HP: 73/118 MP: 19/25
 31985 | Depths:1 | Entered Level 1 of the Depths
 32293 | Shoals:1 | Entered Level 1 of the Shoals
 32654 | Shoals:1 | Noticed Kirke
 32661 | Shoals:1 | Killed Kirke
 33482 | Shoals:1 | Noticed Jorgrun
 33492 | Shoals:1 | Killed Jorgrun
 33874 | Shoals:1 | Noticed Frances
 33908 | Shoals:1 | Killed Frances
 34570 | Shoals:2 | Found Kucuima's Assorted Antiques.
 34749 | Shoals:2 | Found Lecvilow's Antique Armour Boutique.
 34932 | Shoals:2 | Reached skill level 10 in Conjurations
 35087 | Shoals:2 | Found Qeonlag's Assorted Antiques.
 35100 | Shoals:2 | Bought a scroll labelled ENNIAH KATIPN for 22 gold pieces
 35101 | Shoals:2 | Acquired 797 gold pieces
 35342 | Orc:2    | Bought a +4 ring of slaying for 936 gold pieces
 35670 | Shoals:2 | Found Xiewupn's Weapon Shop.
 35831 | Shoals:2 | Found Sacwane's Antique Armour Shop.
 35836 | Shoals:2 | Found Niekhl Decy's Jewellery Boutique.
 36143 | Shoals:3 | Found Wiug's Assorted Antiques.
 36162 | Shoals:3 | Found Foatt's CLEARANCE SALE!.
 36171 | Shoals:3 | Offered knowledge of Lee's Rapid Deconstruction by Vehumet.
 36195 | Shoals:3 | Noticed Mara
 36204 | Shoals:3 | Found a runed translucent door.
 36234 | Shoals:3 | Noticed Eruidisu's ghost (adept DsNe)
 36235 | Shoals:3 | Found a frozen archway.
 36244 | IceCv    | Entered an ice cave
 37243 | IceCv    | Reached skill level 5 in Evocations
 37389 | IceCv    | Found an ancient bone altar of Kikubaaqudgha.
 38554 | IceCv    | Noticed a lich
 39178 | IceCv    | Found an ancient bone altar of Kikubaaqudgha.
 39190 | IceCv    | Killed a lich
 39406 | Shoals:3 | Noticed omnomnOMINOUS's illusion
 39424 | Shoals:3 | Killed Mara
 39425 | Shoals:3 | Reached XP level 17. HP: 86/126 MP: 2/28
 40224 | Shoals:3 | Killed Eruidisu's ghost
 40316 | Shoals:4 | Entered Level 4 of the Shoals
 40322 | Shoals:4 | Offered knowledge of Eringya's Noxious Bog by Vehumet.
 41266 | Shoals:4 | Noticed Polyphemus
 41581 | Shoals:4 | Identified the +5 rapier of Megalomania {holy, rC+ Str+4
                  | Int+2}
 42240 | Shoals:4 | Found the +3 pair of seven-league boots {Rampage+∞}
 43650 | Shoals:4 | Noticed a sphinx
 43654 | Shoals:4 | Killed a sphinx
 43655 | Shoals:4 | Reached skill level 15 in Fighting
 43834 | Shoals:4 | Noticed a sphinx
 43836 | Shoals:4 | Noticed a sphinx
 43840 | Shoals:4 | Killed a sphinx
 43846 | Shoals:4 | Killed a sphinx
 43924 | Shoals:4 | Got a barnacled rune of Zot
 44009 | Shoals:4 | Reached skill level 15 in Dodging
 44282 | Shoals:4 | Killed Polyphemus
 45457 | Vaults:1 | Entered Level 1 of the Vaults
 45504 | D:13     | Learned a level 6 spell: Starburst
 45753 | Snake:1  | Entered Level 1 of the Snake Pit
 46049 | Snake:1  | Found Lanol's Jewellery Emporium.
 46054 | Snake:1  | Found Zutiofo's Antique Weapon Emporium.
 46358 | Snake:1  | Noticed Roxanne
 46722 | Snake:1  | Killed Roxanne
 47154 | Snake:2  | Reached XP level 18. HP: 129/134 MP: 17/30
 47432 | Snake:2  | Reached skill level 1 in Summonings
 47584 | Snake:2  | Offered knowledge of Fire Storm by Vehumet.
 47584 | Snake:2  | Offered knowledge of Shatter by Vehumet.
 47584 | Snake:2  | Offered knowledge of Chain Lightning by Vehumet.
 50447 | Snake:4  | Entered Level 4 of the Snake Pit
 51498 | Snake:4  | Noticed CowFu's ghost (adept HOFi)
 51509 | Snake:4  | Found a runed translucent gate.
 51518 | Snake:4  | Found a runed translucent gate.
 51781 | Snake:4  | Found a runed translucent gate.
 53170 | Snake:4  | Reached skill level 5 in Summonings
 53361 | Snake:4  | Identified the +7 demon whip of Wealth {vorpal, rN+ Int+2}
 54864 | Snake:4  | Reached XP level 19. HP: 118/141 MP: 20/31
 54948 | Snake:4  | Identified the +7 long sword "Xodd" {freeze, Str+3}
 57610 | Snake:4  | Got a serpentine rune of Zot
 58160 | Snake:4  | Killed CowFu's ghost
 58706 | Vaults:1 | Found Lofat's Armour Shoppe.
 59566 | Vaults:1 | Reached skill level 15 in Conjurations
 61854 | Vaults:2 | Reached XP level 20. HP: 151/151 MP: 27/32
 62251 | Vaults:2 | Found a staircase to the Crypt.
 64636 | Vaults:3 | Found a portal to a secret trove of treasure.
 64644 | Vaults:3 | You paid a toll of 5 potions of resistance to enter a
                  | treasure trove
 64645 | Trove    | Entered a treasure trove
 64650 | Trove    | Got Sif Muna's Compendium of the Rocks and the Arsonist
 64715 | Trove    | Got Sif Muna's Compendium of Icy Attacks
 66505 | Vaults:3 | Identified the +6 triple crossbow of Durel {penet, rPois
                  | rC+}
 67534 | Vaults:4 | Reached XP level 21. HP: 123/159 MP: 33/33
 68200 | Vaults:4 | Reached skill level 10 in Summonings
 70055 | Vaults:5 | Entered Level 5 of the Vaults
 70700 | Vaults:4 | Paralysed by a floating eye for 2 turns
 70701 | Vaults:4 | HP: 5/160 [vault guard (9)]
 70701 | Vaults:4 | Mangled by a vault guard

Illustrated notes

Levels and vault maps discovered:
D:1:      dpeg_arrival_radiant, layout_rooms,
          shapermc_ecumenical_altar_mp_urbaneastern
D:2:      layout_basic, serial_shops, nicolae_diamond_shop, st_stairs_11,
          minmay_misc_feat_x
D:3:      layout_rooms, minmay_misc_feat_pillars, uniq_grinder, uniq_sigmund
D:4:      layout_layer_cave, nicolae_sif_muna_condensation, minitemple,
          minmay_temple_entry_slanted, nicolae_inconvenience_store,
          uniq_blork_the_orc, uniq_ijyb, uniq_menkaure
D:5:      layout_rooms, grunt_nemelex_the_gamble, serial_glass, glass_columns_b,
          glass_columns_a
D:6:      minmay_flawed_box, layout_cave_pods
D:7:      layout_rooms, mainiacjoe_overflow_small_starburst, tgw_xom,
          hangedman_abyss_or_decor_stagger, worms_lemuel, uniq_duvessa
D:8:      layout_loops_corners, lemuel_crystal_altar, dpeg_oklobed_lair,
          serial_shops, nicolae_shop_temple_entry_statues_fountains,
          minmay_holes, nicolae_water_bricks, kennysheep_dice, uniq_grum,
          uniq_erica
D:9:      layout_grid_maze
D:10:     layout_big_octagon, orc_0_dummy, minmay_shop_damaged
D:11:     kennysheep_spiral_hall, layout_grid_maze, bloody_makhleb
D:12:     layout_loops_corners, serial_bayou, serial_bayou_pond_d,
          serial_bayou_shore_b, serial_bayou_shore_a, serial_bayou_crossing,
          serial_shops, shop, water_boxes_lemuel
D:13:     layout_basic, ximxim_vaults_locker_room
D:14:     layout_irregular_city, serial_bayou_lagoon_a, serial_shops,
          nicolae_lakefront_shop
D:15:     hangedman_depths_entry_try_elsewhere_first, layout_layer_cave,
          serial_park_tiny_1
Lair:1:   layout_regular_city, beast_lair_carwin_6, infiniplex_staircase_pool
Lair:2:   layout_concentric_octagons, ice2_lemuel, lemuel_fruit_tree, uniq_sonja
Lair:3:   layout_gridlike, lemuel_fruit_fields
Lair:4:   layout_regular_city, minmay_shoals_entry_centaurs, dummy_snake_entry,
          uniq_urug
Lair:5:   layout_cellular_growth, st_stairs_4, evilmike_ambush
          [evilmike_ambush_outer_pillars, evilmike_ambush_inner_pond]
Lair:6:   cheibrodos_lair_end_hotspot, layout_gridlike,
          minmay_slime_entry_jelly_boxes
Shoals:1: layout_shoals, uniq_kirke, uniq_frances, uniq_jorgrun
Shoals:2: layout_shoals, serial_shops, nicolae_stop_n_shop_2,
          nicolae_shop_window_shopping,
          nicolae_shop_competitors_out_of_business, shop, shop,
          nicolae_shoals_c_island
Shoals:3: layout_shoals, serial_shops, nicolae_take_the_stairs,
          portal_ice_cave_entry_pillars_three, ebering_ghost_inner_flame,
          nicolae_shop_clearance, uniq_mara
Shoals:4: shoals_end_hellmonk_lost_city, uniq_polyphemus
Snake:1:  layout_misc_corridors, minmay_shop_star, uniq_roxanne
Snake:2:  layout_concentric_octagons, nicolae_snake_gridmaze_waves
Snake:3:  layout_misc_corridors, nicolae_snake_round_shape_thing
Snake:4:  snake_pit_salamanders_mu, layout_cave_town, gammafunk_ghost_split,
          nicolae_snake_gridmaze_swirls, nicolae_snake_storage_room
Orc:1:    layout_diamond_mine
Orc:2:    st_orc_mages, layout_caves, serial_shops, bzr_entry_water,
          nicolae_shop_behind_doors, shop, nicolae_alphabet_shops,
          nicolae_shop_overcharged_wands
Elf:1:    elf_arrival_002, layout_loops_corners, minmay_elf_demonology,
          minmay_shoptagon, uniq_agnes
Vaults:1: v_misc_19, v_misc_23, st_lattice, nicolae_vaults_what_the_h,
          v_misc_23, nicolae_vaults_asterisk, layout_vaults_quadrants,
          serial_shops, nicolae_diamond_shop
Vaults:2: minmay_crypt_entry_vampire_xt, ontoclasm_vaults_claustrophobia,
          vaults_dpeg_diagonal, nicolae_vaults_theta, v_misc_15, v_rooms_3,
          grunt_vaults_trifunnel, vaults_room_fours, nicolae_vaults_network_s,
          v_misc_12, nicolae_vaults_little_ls, hangedman_vaults_trim,
          vaults_room_pool, layout_vaults_ring
Vaults:3: v_misc_16, v_misc_15, nicolae_vaults_yaktaur_gun_rack,
          nicolae_vaults_little_squares_2, ontoclasm_vaults_ring_large,
          v_pattern_3, nicolae_vaults_stairing_the_circle,
          nicolae_vaults_know_your_exits, v_alt_pattern_2,
          nicolae_vaults_angled_halls, v_misc_3, hangedman_vaults_stitches,
          ontoclasm_vaults_ligature, vaults_dpeg_encased_lava,
          ontoclasm_vaults_loading_screen, layout_vaults_maze_bifur,
          nicolae_trove_entry_crystal
Vaults:4: hangedman_vaults_unwind, nicolae_vaults_twisting_passages,
          ontoclasm_vaults_fault, v_misc_27, grunt_vaults_swirl,
          hangedman_vaults_impose, v_rooms_4, nicolae_vaults_mini_display_case,
          ontoclasm_vaults_shuriken, layout_vaults_chaotic_city
Vaults:5
Depths:1: layout_gridville, enter_ziggurat_d, hell_entry,
          rand_demon_pan_entry_5, abyss_entry_crystal, minmay_misc_feat_alley,
          fedhas_altar_2, roderic_lattice_octagonal_star

Skill      XL: |  1  2  3  4  5  6  7  8  9 10 11 12 13 14 15 16 17 18 19 20 21 |
---------------+----------------------------------------------------------------+-----
Dodging        | 2 3 4 5 6 7 8 10 11 12 13 14 15 16 17 18 | 18.5
Conjurations   | 1 2 3 4 8 11 13 14 15 16 17 | 17.2
Shields        | 2 3 4 |  4.0
Spellcasting   | 1 2 4 6 7 8 |  8.0
Fighting       | 5 6 8 9 10 11 12 13 14 15 16 17 18 | 18.5
Poison Magic   | 1 4 6 7 8 |  8.0
Fire Magic     | 1 2 4 6 7 8 |  8.0
Transmutations | 1 3 4 |  4.0
Short Blades   | 2 5 6 9 12 14 | 14.0
Evocations     | 2 5 8 |  8.0
Summonings     | 5 8 9 10 | 10.6
Maces & Flails | |  1.0
Polearms       | |  1.0
Stealth        | |  1.3

Action                   |  1- 3 |  4- 6 |  7- 9 | 10-12 | 13-15 | 16-18 | 19-21 || total
-------------------------+-------+-------+-------+-------+-------+-------+-------++-------
Melee: Mace              |    77 |    28 |       |       |       |       |       ||   105
       Constrict         |    12 |    11 |    37 |    35 |    74 |    95 |    65 ||   329
       Tentacles         |     7 |     4 |    32 |    53 |   181 |   276 |   158 ||   711
       Spear             |       |    34 |    50 |       |       |       |       ||    84
       Trident           |       |       |    84 |       |       |       |       ||    84
       Rapier            |       |       |    49 |   280 |   765 |   928 |   613 ||  2635
Throw: Dart              |       |       |       |       |       |     1 |       ||     1
 Cast: Foxfire           |       |    24 |    29 |     5 |       |    49 |       ||   107
       Olgreb's Toxic Ra |       |       |    24 |    55 |   147 |   180 |   103 ||   509
       Searing Ray       |       |       |     5 |    10 |     5 |     7 |       ||    27
       Ignite Poison     |       |       |    10 |    21 |    66 |    67 |    31 ||   195
       Orb of Destructio |       |       |       |       |       |    50 |    21 ||    71
       Starburst         |       |       |       |       |       |    58 |    30 ||    88
       Spellforged Servi |       |       |       |       |       |    10 |    86 ||    96
 Abil: Evoke Blink       |       |       |       |       |       |     2 |     5 ||     7
Evoke: Wand              |       |       |     2 |     8 |    18 |     6 |       ||    34
       Box of beasts     |       |       |       |       |       |     1 |     1 ||     2
       Lightning rod     |       |       |       |       |       |       |     4 ||     4
  Use: Potion            |     1 |     4 |       |       |     1 |     3 |     1 ||    10
       Scroll            |       |     1 |       |    10 |    17 |     9 |     5 ||    42
 Stab: Sleeping          |     8 |     2 |    10 |     3 |    18 |    14 |     4 ||    59
       Paralysed         |       |       |     8 |     6 |     4 |       |       ||    18
       Distracted        |       |       |       |       |     1 |     2 |     9 ||    12
Armor: Skin              |    15 |    20 |    16 |    33 |    51 |    64 |    44 ||   243
Dodge: Dodged            |    50 |    40 |    77 |   157 |   377 |   602 |   437 ||  1740
Block: Buckler           |       |     7 |    40 |   154 |   328 |   462 |   322 ||  1313
       Reflection        |       |       |       |     8 |    19 |    84 |    36 ||   147

Table legend: (Time is in decaauts)
 A = Elapsed time spent in this place.
 B = Non-inter-level travel time spent in this place.
 C = Inter-level travel time spent in this place.
 D = Time resting spent in this place.
 E = Time spent auto-exploring this place.
 F = Levels seen in this place.
 G = Mean time per level.
                   A        B        C        D        E       F      G
               +--------+--------+--------+--------+--------+-----+--------+
         Total |  69766 |  64897 |   4869 |  23833 |  29268 |  41 | 1701.6 |
       Dungeon |  22126 |  20046 |   2080 |   4692 |  11904 |  15 | 1475.1 |
          Lair |  10267 |   8877 |   1390 |   2604 |   4449 |   6 | 1711.2 |
        Shoals |   8287 |   7901 |    386 |   3648 |   2905 |   4 | 2071.8 |
     Snake Pit |  12352 |  11839 |    513 |   6082 |   3673 |   4 | 3088.0 |
  Orcish Mines |   1662 |   1512 |    150 |    468 |    650 |   2 |  831.0 |
   Elven Halls |     16 |     16 |      0 |      0 |      0 |   1 |   16.0 |
        Vaults |  11777 |  11428 |    349 |   4567 |   4966 |   5 | 2355.4 |
        Depths |      1 |      1 |      0 |      0 |      0 |   1 |    1.0 |
        Bazaar |     95 |     95 |      0 |      0 |     33 |   1 |   95.0 |
         Trove |    116 |    116 |      0 |      0 |     19 |   1 |  116.0 |
      Ice Cave |   3061 |   3061 |      0 |   1771 |    669 |   1 | 3061.0 |
               +--------+--------+--------+--------+--------+-----+--------+

Top non-repeatable levels by time:
 Snake:4: 5685 daAuts
Vaults:4: 3846 daAuts
 Snake:3: 3523 daAuts
   IceCv: 3061 daAuts
Vaults:2: 2990 daAuts
Shoals:4: 2936 daAuts
Vaults:1: 2871 daAuts
     D:8: 2642 daAuts
Shoals:1: 2284 daAuts
  Lair:2: 2206 daAuts
    D:14: 2165 daAuts
    D:15: 2163 daAuts
  Lair:6: 2145 daAuts
     D:6: 2071 daAuts
Vaults:3: 2059 daAuts
